 Dungeon Crawl Stone Soup version 0.32-a0-871-ge202e49faa (webtiles) character file.

Game seed: 8568003256690093406

4456 Biggs the Skirmisher (level 10, -6/74 HPs)
             Began as a Coglin Hunter on Mar 30, 2024.
             Was a Believer of Okawaru.
             Mangled by a gnoll sergeant
             ... wielding a +0 spear
              (9 damage)
             ... on level 9 of the Dungeon.
             The game lasted 00:23:19 (7842 turns).

Biggs the Skirmisher (Coglin Hunter)                Turns: 7842, Time: 00:23:20

Health: -6/74      AC:  8    Str: 13    XL:     10   Next: 37%
Magic:  10/10      EV: 15    Int:  8    God:    Okawaru [**....]
Gold:   180        SH:  0    Dex: 21    Spells: 9/9 levels left

rFire   . . .        a - +2 sling (heavy) {Sukanya}
rCold   . . .        d - +0 sling {Fuyuko}
rNeg    . . .        p - +0 steam dragon scales
rPois   .            k - +2 helmet
rElec   .            (no cloak)
rCorr   .            (no gloves)
SInv    .            (no boots)
Will    .....        (amulet unavailable)
Stlth   ++           (ring unavailable)
HPRegen 0.32/turn    (ring unavailable)
MPRegen 0.12/turn    (no gizmo)

%: no passive effects
@: revved
A: off-hand wielding, slow wielding, warmup strikes, no jewellery
a: Invent Gizmo, Renounce Religion, Heroism


You were on level 9 of the Dungeon.
You worshipped Okawaru.
Okawaru was pleased with you.
You visited 2 branches of the dungeon, and saw 10 of its levels.

You collected 496 gold pieces.
You spent 316 gold pieces at shops.

Inventory:

Hand Weapons
 a - a +2 heavy sling (weapon) {Sukanya}
 d - a +0 sling (offhand) {Fuyuko}
Armour
 c - a +1 leather armour
 k - a +2 helmet (worn)
 p - +0 steam dragon scales (worn)
 s - the +0 leather armour of Dramatic Exits {rElec Str-3 Dex+3 Stlth+}
   (You found it on level 6 of the Dungeon)

   Str-3:     It affects your strength (-3).
   Dex+3:     It affects your dexterity (+3).
   rElec:     It insulates you from electricity.
   Stlth+:    It makes you more stealthy.
Wands
 l - a wand of roots (21)
 y - a wand of flame (5)
Scrolls
 i - 6 scrolls of enchant armour
 n - a scroll of noise
 o - 4 scrolls of enchant weapon
 q - 2 scrolls of summoning
 r - 2 scrolls of immolation
 t - a scroll of fog
 u - a scroll of poison
 w - 3 scrolls of amnesia
 C - 3 scrolls of identify
 E - a scroll of blinking {unknown}
Potions
 b - a potion of magic {unknown}
 e - 2 potions of mutation {unknown}
 f - 3 potions of invisibility
 g - a potion of brilliance {unknown}
 h - a potion of resistance {unknown}
 j - a potion of berserk rage {unknown}
 m - a potion of might {unknown}
 v - a potion of lignification {unknown}
 x - a potion of cancellation {unknown}
 z - a potion of curing
 A - 2 potions of heal wounds
 D - 2 potions of degeneration {unknown}


   Skills:
 - Level 5.0 Fighting
 + Level 11.9 Ranged Weapons
 - Level 6.5 Dodging
 - Level 0.7 Stealth


You had 9 spell levels left.
You didn't know any spells.
Your spell library contained the following spells:

 Spells                   Type           Power      Damage    Failure   Level
 Ensorcelled Hibernation  Hex/Ice        0%         N/A       54%         2
 Passwall                 Erth           0%         N/A       78%         3
 Sigil of Binding         Hex            0%         N/A       78%         3
 Swiftness                Air            0%         N/A       78%         3
 Teleport Other           Tloc           0%         N/A       78%         3
 Volatile Blastmotes      Fire/Tloc      0%         2d10      78%         3
 Dimensional Bullseye     Hex/Tloc       0%         N/A       99%         4
 Ignite Poison            Fire/Alch      0%         N/A       99%         4
 Sticky Flame             Fire/Alch      0%         2d4       99%         4
 Vhi's Electric Charge    Tloc/Air       0%         N/A       99%         4
 Bombard                  Conj/Erth      0%         9d1       100%        6
 Conjure Ball Lightning   Conj/Air       0%         3x3d6     100%        6
 Dispersal                Tloc           0%         N/A       100%        6
 Gell's Gavotte           Tloc           0%         2d(11-16) 100%        6
 Discord                  Hex            0%         N/A       100%        8
 Disjunction              Tloc           0%         N/A       100%        8
 Ignition                 Fire           0%         3d3       100%        8
 Call Canine Familiar     Summ           Unusable   N/A       N/A         3

Dungeon Overview and Level Annotations

Branches:
Dungeon (9/15)             Temple (1/1) D:7             Orc (0/2) D:9
   Lair: D:8-11

Altars:
Ashenzari
Cheibriados
Dithmenos
Elyvilon
Fedhas
Gozag
Hepliaklqana
Kikubaaqudgha
Makhleb
Nemelex Xobeh
Okawaru
Qazlal
Ru
Sif Muna
Trog
Uskayaw
Vehumet
Wu Jian
Xom
Yredelemnul
Zin

Shops:
D:5 ?   D:7 *   D:9 !

Annotations:
D:2 1 runed translucent door, Crazy Yiuf
D:4 exclusion: oklob plant
D:5 2 runed translucent doors, dcgchant's ghost, novice CoHu


Innate Abilities, Weirdness & Mutations

You can wield a second weapon in your off-hand.
It takes a long time for you to wield or remove held weapons.
Your first few attacks do less damage.
You cannot equip rings or amulets.


Message History

Aim: a gnoll sergeant, wielding a +0 spear, wearing a +0 scale mail and wearing a +2 buckler of reflection (almost dead, reflecting blocked projectiles, 75% to hit)
You shoot a sling bullet.
The gnoll sergeant blocks the sling bullet with its +2 buckler of reflection... and reflects it back!
The sling bullet hits you but does no damage.
You shoot a sling bullet.
The gnoll sergeant blocks the sling bullet with its +2 buckler of reflection... and reflects it back!
The sling bullet misses you.
The gnoll sergeant hits you from afar with a +0 spear!
* * * LOW HITPOINT WARNING * * *
Unknown command.
Fire: a) +2 sling (heavy) {Sukanya}
Press: ? - help, Q - select action, (/) - cycle Shift-Dir - straight line, f/p - gnoll sergeant
Aim: a gnoll sergeant, wielding a +0 spear, wearing a +0 scale mail and wearing a +2 buckler of reflection (almost dead, reflecting blocked projectiles, 75% to hit)
You shoot a sling bullet.
The sling bullet hits the gnoll sergeant but does no damage.
The gnoll sergeant is almost dead.
You shoot a sling bullet.
The sling bullet barely misses the gnoll sergeant.
The gnoll sergeant barely misses you.
Fire: a) +2 sling (heavy) {Sukanya}
Press: ? - help, Q - select action, (/) - cycle Shift-Dir - straight line, f/p - gnoll sergeant
Aim: a gnoll sergeant, wielding a +0 spear, wearing a +0 scale mail and wearing a +2 buckler of reflection (almost dead, reflecting blocked projectiles, 75% to hit)
You shoot a sling bullet.
The sling bullet hits the gnoll sergeant but does no damage.
The gnoll sergeant is almost dead.
You shoot a sling bullet.
The sling bullet barely misses the gnoll sergeant.
The gnoll sergeant hits you from afar with a +0 spear!
* * * LOW HITPOINT WARNING * * *
Unknown command.
Fire: a) +2 sling (heavy) {Sukanya}
Press: ? - help, Q - select action, (/) - cycle Shift-Dir - straight line, f/p - gnoll sergeant
Aim: a gnoll sergeant, wielding a +0 spear, wearing a +0 scale mail and wearing a +2 buckler of reflection (almost dead, reflecting blocked projectiles, 75% to hit)
You shoot a sling bullet.
The sling bullet barely misses the gnoll sergeant.
You shoot a sling bullet.
The sling bullet hits the gnoll sergeant but does no damage.
The gnoll sergeant is almost dead.
The gnoll sergeant hits you from afar with a +0 spear!
You die...

.. #..# #..# .. )#
#..# ..# ... )###..#
...# #..#..######..
(...###.)#..........
......##)#.........>
.....g..............
......)............#
.......@...........#
...................#
....##########.....#
... .....# # .....
..


You could see a gnoll sergeant (reflecting).

Vanquished Creatures
  Sigmund (D:5)
  A wraith (D:9)
  A wyvern (D:6)
  A yak (D:9)
  2 steam dragons
  An acid dragon (D:9)
  3 water moccasins
  2 orc warriors
  3 ice beasts
  2 sky beasts (D:8)
  An ogre (D:4)
  3 centaurs
  A wolf (D:9)
  7 kobold brigands
  3 bullfrogs
  A scorpion (D:5)
  Blork the orc (D:4)
  4 wights (D:8)
  A killer bee (D:9)
  3 howler monkeys
  2 jellies
  A bombardier beetle (D:5)
  3 orc priests
  A gnoll bouda (D:5)
  3 hounds
  Terence (D:3)
  4 iguanas
  6 orc wizards
  Robin (D:2)
  15 gnolls
  8 adders
  2 ufetubi (D:6)
  2 dart slugs
  32 orcs
  4 bats (D:1)
  7 endoplasms
  5 giant cockroaches
  11 goblins
  14 hobgoblins
  3 jackals (D:3)
  5 quokkas
  10 ball pythons
  6 frilled lizards
  14 kobolds
  4 rats
206 creatures vanquished.

Vanquished Creatures (others)
  An orc wizard (D:6)
1 creature vanquished.

Grand Total: 207 creatures vanquished

Notes
Turn   | Place    | Note
-------+----------+-------------------------------------------
     0 | D:1      | Biggs the Coglin Hunter began the quest for the Orb.
     0 | D:1      | Reached XP level 1. HP: 16/16 MP: 1/1
   287 | D:1      | Reached skill level 4 in Ranged Weapons
   287 | D:1      | Reached XP level 2. HP: 22/22 MP: 2/2
   445 | D:1      | Reached XP level 3. HP: 27/27 MP: 3/3
   488 | D:1      | Found a faded altar of an unknown god.
   974 | D:2      | Noticed Robin
  1032 | D:2      | Killed Robin
  1033 | D:2      | Reached skill level 5 in Ranged Weapons
  1033 | D:2      | Reached XP level 4. HP: 31/33 MP: 4/4
  1152 | D:2      | Reached XP level 5. HP: 17/38 MP: 5/5
  1287 | D:2      | Found a runed translucent door.
  1288 | D:2      | Noticed Crazy Yiuf
  1575 | D:2      | Reached skill level 6 in Ranged Weapons
  1755 | D:3      | Reached XP level 6. HP: 35/44 MP: 6/6
  2238 | D:3      | Noticed Terence
  2244 | D:3      | Killed Terence
  2386 | D:4      | Reached skill level 7 in Ranged Weapons
  2435 | D:4      | Noticed Blork the orc
  2444 | D:4      | Killed Blork the orc
  2565 | D:4      | Reached XP level 7. HP: 13/50 MP: 7/7
  2780 | D:4      | Found a blossoming altar of Fedhas.
  2807 | D:4      | Noticed an oklob plant
  3016 | D:4      | Reached skill level 8 in Ranged Weapons
  3311 | D:5      | Entered Level 5 of the Dungeon
  3469 | D:5      | Found a large runed translucent door.
  3469 | D:5      | Found a large runed translucent door.
  3471 | D:5      | Noticed dcgchant's ghost (novice CoHu)
  3511 | D:5      | Noticed Sigmund
  3543 | D:5      | Killed Sigmund
  3544 | D:5      | Reached XP level 8. HP: 39/56 MP: 8/8
  3802 | D:5      | Reached skill level 9 in Ranged Weapons
  3856 | D:5      | HP: 2/56 [gnoll/+0 halberd[a gnoll bouda] (7)]
  4118 | D:5      | Found Zydwen's Magic Scroll Boutique.
  4126 | D:5      | Bought a scroll of brand weapon for 123 gold pieces
  4127 | D:5      | Bought a scroll of enchant armour for 97 gold pieces
  5001 | D:6      | Identified the +0 leather armour of Dramatic Exits {rElec
                  | Str-3 Dex+3 Stlth+}
  5040 | D:6      | Reached skill level 10 in Ranged Weapons
  5178 | D:6      | Found a sparkling altar of Nemelex Xobeh.
  5185 | D:6      | Found an ancient bone altar of Kikubaaqudgha.
  5385 | D:6      | Noticed a wyvern
  5390 | D:6      | Killed a wyvern
  5704 | D:7      | Found a staircase to the Ecumenical Temple.
  5713 | Temple   | Entered the Ecumenical Temple
  5736 | Temple   | Became a worshipper of Warmaster Okawaru
  5786 | D:7      | Found an opulent altar of Gozag.
  5793 | D:7      | Reached XP level 9. HP: 49/61 MP: 9/9
  5894 | D:7      | Reached skill level 11 in Ranged Weapons
  6153 | D:7      | Reached * piety under Okawaru
  6317 | D:7      | Found a flagged portal.
  6362 | D:7      | Found an ornate altar of the Wu Jian Council.
  6410 | D:7      | Found a white marble altar of Elyvilon.
  6418 | D:7      | Found a basalt altar of Yredelemnul.
  6504 | D:7      | Found Ziuphits's General Store.
  6718 | D:7      | Bought a potion of curing for 36 gold pieces
  6718 | D:7      | Bought a potion of heal wounds for 60 gold pieces
  7075 | D:8      | Reached skill level 5 in Dodging
  7491 | D:9      | Found Xeumaegg's Distillery.
  7492 | D:9      | Found a staircase to the Orcish Mines.
  7531 | D:9      | Found a shimmering blue altar of Sif Muna.
  7569 | D:9      | Reached XP level 10. HP: 60/67 MP: 10/10
  7645 | D:9      | Reached ** piety under Okawaru
  7751 | D:9      | Reached skill level 5 in Fighting
  7841 | D:9      | HP: 3/74 [gnoll sergeant/+0 spear (9)]
  7842 | D:9      | Mangled by a gnoll sergeant

Illustrated notes

Levels and vault maps discovered:
D:1:      wheals_arrival_linesprint, layout_basic,
          hellmonk_ecumenical_altar_pennies_from_heaven, minmay_pentomino_u4
D:2:      layout_basic, uniq_crazy_yiuf_cottage, uniq_robin
D:3:      layout_basic, uniq_terence
D:4:      layout_gridville, tgw_fedhas, uniq_blork_the_orc
D:5:      layout_layer_cave, ebering_ghost_disaster_area, serial_shops,
          nicolae_shop_gibbet_a_chance, uniq_sigmund
D:6:      layout_basic, minitemple, nrook_mini_backslash
D:7:      layout_loops_corners, nicolae_overflow_quartered_altars,
          minmay_temple_entry_water_ring, serial_shops,
          nicolae_shop_tiny_waterfront, enter_bailey_8, corexii_leaking_fountain
D:8:      layout_basic
D:9:      minmay_s_stair_smasher, layout_irregular_city,
          mainiacjoe_overflow_six_doors_small, erik_lair_island, orc_0_dummy,
          serial_shops, nicolae_shop_advertising_works
          [nicolae_subvault_shop_adworks]
Temple:   oiseaux_autumnal_temple

Skill      XL: |  1  2  3  4  5  6  7  8  9 10 |
---------------+-------------------------------+-----
Ranged Weapons | 4 5 6 7 8 10 11 | 11.9
Dodging        | 6 |  6.5
Fighting       | 5 |  5.0
Stealth        | |  0.7

Action                     |  1- 3 |  4- 6 |  7- 9 | 10-12 || total
---------------------------+-------+-------+-------+-------++-------
   Fire: Sling             |   172 |   284 |   574 |   144 ||  1174
    Use: Potion            |       |       |     3 |       ||     3
         Scroll            |       |       |    13 |       ||    13
 Armour: Leather armour    |     9 |    22 |    55 |       ||    86
         Steam dragon scal |       |       |    13 |    24 ||    37
  Dodge: Dodged            |    10 |    18 |    57 |    30 ||   115

Table legend: (Time is in decaauts)
 A = Elapsed time spent in this place.
 B = Non-inter-level travel time spent in this place.
 C = Inter-level travel time spent in this place.
 D = Time resting spent in this place.
 E = Time spent auto-exploring this place.
 F = Levels seen in this place.
 G = Mean time per level.
                   A        B        C        D        E       F      G
               +--------+--------+--------+--------+--------+-----+--------+
         Total |   7913 |   7460 |    453 |    116 |   6237 |  10 |  791.3 |
       Dungeon |   7867 |   7458 |    409 |    116 |   6237 |   9 |  874.1 |
        Temple |     46 |      2 |     44 |      0 |      0 |   1 |   46.0 |
               +--------+--------+--------+--------+--------+-----+--------+

Top non-repeatable levels by time:
     D:5: 1437 daAuts
     D:7: 1126 daAuts
     D:1: 956 daAuts
     D:6: 869 daAuts
     D:4: 847 daAuts
     D:2: 813 daAuts
     D:3: 785 daAuts
     D:8: 602 daAuts
     D:9: 427 daAuts
  Temple: 46 daAuts
